 Dungeon Crawl Stone Soup version 0.30-a0-1075-gcd70e7a56d (webtiles) character file.

Game seed: 11724739319172237456

5306 cforsyth the Summoner (level 10, -4/56 HPs)
             Began as an Octopode Summoner on Apr 14, 2023.
             Was an Initiate of Gozag.
             Slain by a thrashing horror (13 damage)
             ... on level 2 of the Abyss.
             The game lasted 00:21:45 (10606 turns).

cforsyth the Summoner (Octopode Summoner)          Turns: 10606, Time: 00:21:46

Health: -4/56      AC:  1    Str:  8    XL:     10   Next: 64%
Magic:  14/23      EV: 13    Int: 22    God:    Gozag
Gold:   1174       SH:  0    Dex: 12    Spells: 15/28 levels left

rFire   + . .      SeeInvis .    (no weapon)
rCold   . . .      Faith    .    (no shield)
rNeg    . . .      Spirit   .    (helmet restricted)
rPois   .          Reflect  .    (no amulet)
rElec   .          Rampage  .    l - ring of protection from fire
rCorr   .                        (no ring)
Will    .....                    (no ring)
Stlth   ++                       (no ring)
HPRegen 0.29/turn                (no ring)
MPRegen 0.18/turn                (no ring)
                                 (no ring)
                                 (no ring)

@: silenced
A: almost no armour, amphibious, 8 rings, camouflage 1, gelatinous body 1,
(nimble swimmer 1), tentacles
a: Renounce Religion


You were on level 2 of the Abyss.
You worshipped Gozag.
Gozag was most pleased with you.
You visited 2 branches of the dungeon, and saw 10 of its levels.
You visited the Abyss 1 time.
You also visited: Sewer.

You collected 1255 gold pieces.
You paid 81 gold pieces to Gozag.

Inventory:

Missiles
 z - 2 throwing nets
Jewellery
 l - a ring of protection from fire (left tentacle)
 n - a +4 ring of protection
 u - a ring of positive energy
Wands
 e - a wand of polymorph (5)
 h - a wand of charming (13)
 p - a wand of flame (56)
 q - a wand of iceblast (28)
 s - a wand of mindburst (17)
 v - a wand of light (14)
 A - a wand of digging (4)
Scrolls
 c - 2 scrolls of enchant armour
 j - 3 scrolls of enchant weapon
 x - a scroll of teleportation
 y - a scroll of identify
Potions
 a - 2 potions of magic
 b - 2 potions of brilliance
 d - 2 potions of cancellation
 f - a potion of lignification {unknown}
 g - a potion of flight
 i - 3 potions of mutation
 k - a potion of might
 m - 2 potions of curing
 o - 2 potions of attraction {unknown}
 r - a potion of heal wounds {unknown}
 t - 2 potions of berserk rage {unknown}
 B - 2 potions of invisibility {unknown}
 C - 2 potions of ambrosia {unknown}


   Skills:
 - Level 2.0 Dodging
 - Level 2.6 Stealth
 + Level 9.7 Spellcasting
 - Level 3.0 Hexes
 + Level 11.1 Summonings
 - Level 4.0 Air Magic


You had 15 spell levels left.
You knew the following spells:

 Your Spells              Type           Power      Damage    Failure   Level
a - Summon Small Mammal   Summ           100%       N/A       1%          1
b - Call Imp              Summ           100%       N/A       1%          2
c - Call Canine Familiar  Summ           56%        N/A       1%          3
d - Summon Guardian Gole  Hex/Summ       41%        N/A       1%          3
e - Summon Lightning Spi  Summ/Air       43%        N/A       2%          4

Your spell library contained the following spells:

 Spells                   Type           Power      Damage    Failure   Level
 Tukima's Dance           Hex            23%        N/A       5%          3
 Beastly Appendage        Tmut           20%        N/A       6%          1
 Wereblood                Tmut           10%        N/A       10%         2
 Portal Projectile        Hex/Tloc       34%        N/A       10%         3
 Ozocubu's Armour         Ice            10%        N/A       19%         3
 Spider Form              Tmut/Pois      10%        N/A       19%         3
 Metabolic Englaciation   Hex/Ice        8%         N/A       67%         5
 Blade Hands              Tmut           5%         N/A       86%         5
 Simulacrum               Ice/Necr       Unusable   N/A       N/A         6

Dungeon Overview and Level Annotations

Branches:
Dungeon (9/15)             Temple (1/1) D:5            Lair (0/5) D:8
  Sewer (visited)
    Orc: D:9-12

Altars:
Ashenzari
Cheibriados
Dithmenos
Elyvilon
Fedhas
Gozag
Hepliaklqana
Kikubaaqudgha
Makhleb
Nemelex Xobeh
Okawaru
Qazlal
Ru
Sif Muna
Trog
Uskayaw
Vehumet
Wu Jian
Xom
Yredelemnul
Zin
The Shining One

Shops:
D:1 ?:?([   D:5 (   D:6 [

Annotations:
D:3 1 runed translucent door, TheSexyCheese's ghost, amateur GnFE
D:9 Erolcha


Innate Abilities, Weirdness & Mutations

You cannot wear most types of armour.
You are amphibious.
You can wear up to eight rings at the same time.
Your skin changes colour to match your surroundings (Stealth+).
Your rubbery body absorbs attacks. (AC +1, EV +1)
((You are camouflaged when in or above water. (Stealth+)))
You have tentacles for arms and can constrict up to eight enemies at once.


Message History

Found a corrupted altar of Lugonu.
You swap places.
Found a gateway leading deeper into the Abyss.
A thrashing horror comes into view.
You swap places.
An orange demon comes into view.
Your wolf bites the orange demon.
The orange demon stings your wolf!
Your wolf looks as sick as possible!
The orange demon poisons your wolf! The orange demon misses your wolf.
Casting: Call Canine Familiar (safe; 1% risk of failure)
Confirm with . or Enter, or press ? or * to list all spells.
A guardian golem appears, shielding your allies.
Your wolf bites the orange demon.
The orange demon completely misses your wolf.
The orange demon barely misses your wolf.
Your wolf bites the orange demon!
Casting: Summon Guardian Golem (safe; 1% risk of failure)
Confirm with . or Enter, or press ? or * to list all spells.
An electric hum fills the air.
Your wolf bites the orange demon.
The orange demon stings your wolf. The orange demon hits your wolf!
Your wolf dies!
Your wolf's corpse disappears in a puff of smoke!
Casting: Summon Lightning Spire (dangerous; 2% risk of failure)
Confirm with . or Enter, or press ? or * to list all spells.
The thrashing horror tramples you!
You stumble backwards!
Your wolf bites the thrashing horror.
The thrashing horror tramples you.
You stumble backwards!
The thrashing horror tramples you!
You stumble backwards!
The thrashing horror tramples you!
* * * LOW HITPOINT WARNING * * *
You hold your ground!
The thrashing horror barely misses you.
As you read the scroll labelled UXKAHUL SERI, it crumbles to dust.
A profound silence engulfs you.
It was a scroll of silence.
The thrashing horror tramples your guardian golem!
Your guardian golem holds its ground!
The thrashing horror tramples your guardian golem but does no damage.
Your wolf barely misses the thrashing horror.
The thrashing horror tramples you!
You die...
Your body crumbles into a pile of gold.

## #. .. .. #.. ##
#. .##..##. . #..
.##.#.
##.....#.###
#......#.@.# .#
#....#..X#####
..##....#.h9##..##
... #.....#.# #.#
# .#....#..##..#.#
#.....#8....# #..
## #.....#...#..#
..#X# .
..#....##.....##..
.. ..###.##.... #.
#ยง# . .


You could see a thrashing horror (unsilenced, ally target), a friendly guardian
golem (summoned), a friendly wolf (summoned, sheltered) and a friendly lightning
spire (summoned, sheltered).

Vanquished Creatures
  A centaur (D:6)
  A howler monkey (D:6)
  An orc wizard (D:8)
  An adder (D:2)
  A dart slug (D:2)
  An orc (D:4)
  4 ball pythons
  2 bats
  3 endoplasms
  2 giant cockroaches
  2 goblins
  4 hobgoblins
  A quokka (D:1)
  2 frilled lizards
  A kobold (D:2)
  3 rats (D:1)
30 creatures vanquished.

Vanquished Creatures (collateral kills)
  Maurice (D:9)
  Maggie (D:7)
  Psyche (D:9)
  Eustachio (D:5)
  2 wyverns
  A steam dragon (D:8)
  Menkaure (D:7)
  A water moccasin (D:6)
  An orc warrior (D:8)
  2 ice beasts
  A sky beast (D:6)
  A centaur (D:9)
  A kobold brigand (D:7)
  2 bullfrogs (D:9)
  2 scorpions (D:5)
  6 wights
  4 killer bees (D:9)
  2 howler monkeys (D:9)
  2 hounds
  A jelly (D:6)
  2 orc priests
  7 orc wizards
  3 iguanas
  3 gnolls (D:8)
  6 adders
  5 shadow imps
  A white imp (D:5)
  A worm (D:2)
  A dart slug (D:1)
  21 orcs
  3 bats
  3 endoplasms
  4 giant cockroaches
  2 goblins (D:3)
  6 hobgoblins
  17 kobolds
  6 quokkas
  2 ball pythons (D:3)
  A frilled lizard (Sewer)
128 creatures vanquished.

Vanquished Creatures (others)
  Harold (D:9)
  A wyvern (D:7)
  A black bear (D:4)
  An ice beast (D:7)
  Pargi (Sewer)
  A centaur (D:6)
  An ogre (D:6)
  6 wights
  A killer bee (D:9)
  Crazy Yiuf (D:2)
  A sleepcap (D:6)
  An orc wizard (D:8)
  An adder (D:6)
18 creatures vanquished.

Grand Total: 176 creatures vanquished

Notes
Turn   | Place    | Note
-------+----------+-------------------------------------------
     0 | D:1      | cforsyth the Octopode Summoner began the quest for the Orb.
     0 | D:1      | Reached XP level 1. HP: 11/11 MP: 3/3
   249 | D:1      | Found Girolyt's Magic Scroll Emporium.
   251 | D:1      | Found Ziupnod's Armour Boutique.
   332 | D:1      | Found Syawkeh's Weapon Boutique.
   343 | D:1      | Reached XP level 2. HP: 6/17 MP: 1/5
   544 | D:1      | Found Usomo's Book Shoppe.
   720 | D:1      | Found Haorr's Magic Scroll Shoppe.
  1212 | D:2      | Found a runed translucent door.
  1213 | D:2      | Noticed Crazy Yiuf
  1290 | D:2      | Reached XP level 3. HP: 16/21 MP: 3/6
  2164 | D:2      | Learned a level 2 spell: Call Imp
  2168 | D:2      | Learned a level 3 spell: Call Canine Familiar
  2236 | D:3      | Reached XP level 4. HP: 27/27 MP: 4/8
  2274 | D:3      | Found a runed translucent door.
  2586 | D:3      | Found a shimmering blue altar of Sif Muna.
  2596 | D:3      | Found an ancient bone altar of Kikubaaqudgha.
  3095 | D:3      | Noticed TheSexyCheese's ghost (amateur GnFE)
  3194 | D:3      | Learned a level 3 spell: Summon Guardian Golem
  3302 | D:2      | Killed Crazy Yiuf
  3303 | D:2      | Reached skill level 5 in Summonings
  3554 | D:4      | Reached XP level 5. HP: 31/31 MP: 10/10
  3588 | D:4      | Noticed a black bear
  3603 | D:4      | Killed a black bear
  3642 | D:4      | Reached XP level 6. HP: 36/36 MP: 5/12
  3653 | D:4      | Found a glowing drain.
  3701 | Sewer    | Entered a sewer
  3769 | Sewer    | Noticed Pargi
  3787 | Sewer    | Killed Pargi
  3788 | Sewer    | Reached skill level 6 in Summonings
  4705 | D:5      | Entered Level 5 of the Dungeon
  4711 | D:5      | Learned a level 4 spell: Summon Lightning Spire
  4880 | D:5      | Reached skill level 5 in Spellcasting
  4880 | D:5      | Reached XP level 7. HP: 41/41 MP: 7/14
  5046 | D:5      | Noticed Eustachio
  5136 | D:5      | Killed Eustachio
  5236 | D:5      | Found Mittevedghe's Weapon Emporium.
  5341 | D:5      | Found a staircase to the Ecumenical Temple.
  5368 | Temple   | Entered the Ecumenical Temple
  5410 | Temple   | Became a worshipper of Gozag Ym Sagoz the Greedy
  5608 | D:5      | Reached skill level 7 in Summonings
  5910 | D:5      | Found a burning altar of Makhleb.
  5948 | D:6      | Reached XP level 8. HP: 46/46 MP: 8/16
  6087 | D:6      | Found Huuff's Antique Armour Emporium.
  6170 | D:6      | Reached skill level 1 in Hexes
  6170 | D:6      | Reached skill level 1 in Air Magic
  6288 | D:6      | HP: 2/44 [wight/+3 dire flail of freezing (2)]
  6883 | D:6      | Reached skill level 8 in Summonings
  7170 | D:6      | Reached XP level 9. HP: 51/51 MP: 14/19
  7528 | D:7      | Noticed Menkaure
  7769 | D:7      | Killed Menkaure
  7928 | D:7      | Found a blossoming altar of Fedhas.
  8160 | D:7      | Noticed Maggie
  8220 | D:7      | Killed Maggie
  8221 | D:7      | Reached skill level 9 in Summonings
  8563 | D:7      | Found an ornate altar of the Wu Jian Council.
  8910 | D:8      | Found a staircase to the Lair.
  9033 | D:8      | Reached XP level 10. HP: 48/56 MP: 12/22
  9083 | D:8      | Reached skill level 10 in Summonings
  9584 | D:9      | Noticed Harold
  9599 | D:9      | Killed Harold
  9775 | D:9      | Noticed Psyche
  9794 | D:9      | Killed Psyche
 10272 | D:9      | Noticed Maurice
 10282 | D:9      | Killed Maurice
 10283 | D:9      | Reached skill level 11 in Summonings
 10526 | D:9      | Noticed Erolcha
 10528 | Abyss:2  | Cast into level 2 of the Abyss (Erolcha)
 10559 | Abyss:2  | Found a corrupted altar of Lugonu.
 10577 | Abyss:2  | Found a corrupted altar of Lugonu.
 10594 | Abyss:2  | Noticed a thrashing horror
 10598 | Abyss:2  | Noticed an orange demon
 10606 | Abyss:2  | Slain by a thrashing horror

Illustrated notes

Levels and vault maps discovered:
D:1:      saegor_arrival_under_anarchy, layout_basic, serial_shops,
          nicolae_shop_advertising_works [nicolae_subvault_shop_adworks], shop,
          nicolae_shop_bloodbath_and_beyond, nicolae_shop_statue_plus, shop
D:2:      layout_loops_ring, uniq_crazy_yiuf_cottage
D:3:      layout_basic, mainiacjoe_overflow_large_starburst,
          ebering_ghost_reflecting_pool
D:4:      layout_loops_cross, portal_sewer_entry_f,
          chequers_serial_rivers_micro_e
D:5:      layout_cave_pools, lemuel_coloured_pillars_altar,
          minmay_temple_entry_drinking_statues, serial_shops, shop,
          glass_columns_a, uniq_eustachio
D:6:      layout_loops_cross, serial_shops, kennysheep_mini_moat
D:7:      layout_basic, fedhas_altar_1, kennysheep_mini, uniq_maggie,
          uniq_menkaure
D:8:      layout_basic, lair_entry_dummy
D:9:      layout_roguey, uniq_erolcha, uniq_harold, uniq_pikel, uniq_psyche,
          uniq_maurice
Temple:   bh_familiar_temple
Abyss:2:  base: Temple, evilmike_abyss_exit_plants, bh_abyss_exit_spiral

Skill      XL: |  1  2  3  4  5  6  7  8  9 10 |
---------------+-------------------------------+-----
Spellcasting   | 3 4 5 6 8 9 |  9.7
Summonings     | 5 6 7 8 9 11 | 11.1
Hexes          | 3 |  3.0
Air Magic      | 3 4 |  4.0
Dodging        | |  2.0
Stealth        | |  2.6

Action                     |  1- 3 |  4- 6 |  7- 9 | 10-12 || total
---------------------------+-------+-------+-------+-------++-------
  Melee: Unarmed           |    70 |    23 |    35 |     9 ||   137
         Constrict         |    22 |     8 |     4 |     2 ||    36
         Tentacles         |    21 |     6 |     6 |     2 ||    35
         Punch             |       |     1 |     1 |       ||     2
   Cast: Summon Small Mamm |    51 |    18 |    34 |     6 ||   109
         Call Canine Famil |     1 |    20 |    28 |    13 ||    62
         Call Imp          |       |    12 |    26 |     7 ||    45
         Summon Guardian G |       |     3 |    22 |     9 ||    34
         Summon Lightning  |       |       |     4 |    11 ||    15
    Use: Scroll            |       |    12 |     4 |     1 ||    17
   Stab: Sleeping          |     5 |       |       |       ||     5
 Armour: Skin              |     6 |     2 |     3 |     1 ||    12
  Dodge: Dodged            |    46 |    22 |    42 |    19 ||   129

Table legend: (Time is in decaauts)
 A = Elapsed time spent in this place.
 B = Non-inter-level travel time spent in this place.
 C = Inter-level travel time spent in this place.
 D = Time resting spent in this place.
 E = Time spent auto-exploring this place.
 F = Levels seen in this place.
 G = Mean time per level.
                   A        B        C        D        E       F      G
               +--------+--------+--------+--------+--------+-----+--------+
         Total |  10605 |  10263 |    342 |   1066 |   7208 |  12 |  883.8 |
       Dungeon |   9970 |   9655 |    315 |    913 |   6898 |   9 | 1107.8 |
        Temple |    193 |    166 |     27 |      0 |    157 |   1 |  193.0 |
         Abyss |     77 |     77 |      0 |      0 |     46 |   1 |   77.0 |
         Sewer |    363 |    363 |      0 |    153 |    107 |   1 |  363.0 |
               +--------+--------+--------+--------+--------+-----+--------+

Top non-repeatable levels by time:
     D:6: 1531 daAuts
     D:5: 1320 daAuts
     D:2: 1191 daAuts
     D:1: 1153 daAuts
     D:3: 1060 daAuts
     D:9: 968 daAuts
     D:7: 955 daAuts
     D:4: 936 daAuts
     D:8: 852 daAuts
   Sewer: 363 daAuts
  Temple: 193 daAuts
 Abyss:2: 77 daAuts
